 Dungeon Crawl Stone Soup version 0.32-a0-599-gba8f9cf90e (webtiles) character file.

Game seed: 15892244393753342502

211 Pooter the Trooper (level 5, -1/44 (47) HPs)
             Began as a Minotaur Fighter on Mar 2, 2024.
             Was an Initiate of Okawaru.
             Slain by Crazy Yiuf
             ... wielding a +3 quarterstaff of chaos
              (11 damage)
             ... on level 2 of the Dungeon.
             The game lasted 00:06:49 (1346 turns).

Pooter the Trooper (Minotaur Fighter)               Turns: 1346, Time: 00:06:50

HP:   -1/44 (47)    AC:  7    Str: 23    XL:     5   Next: 57%
MP:   0/5           EV:  7    Int:  5    God:    Okawaru [......]
Gold: 74            SH: 11    Dex:  9    Spells: 4/4 levels left

rFire   . . .        a - +0 war axe
rCold   + . .        q - +0 tower shield
rNeg    . . .        h - +2 ring mail {rPois}
rPois   +            (helmet restricted)
rElec   .            (no cloak)
rCorr   .            (no gloves)
SInv    .            (no boots)
Will    .....        (no amulet) Stlth
                     I - ring of protection from cold
HPRegen 0.27/turn    p - ring of flight
MPRegen 0.09/turn

%: no passive effects
@: flying, drained
A: horns 2, retaliatory headbutt
a: Renounce Religion


You were on level 2 of the Dungeon.
You worshipped Okawaru.
Okawaru was noncommittal.
You visited 1 branch of the dungeon, and saw 2 of its levels.

You collected 74 gold pieces.

Inventory:

Hand Weapons
 a - a +0 war axe (weapon)
 b - a +0 sling
   (You found it on level 2 of the Dungeon)
Missiles
 Q - 20 stones (quivered)
Armour
 c - a +0 buckler
 h - a +2 ring mail of poison resistance (worn)
   (You found it on level 1 of the Dungeon)
 o - a +0 scale mail
 q - a +0 tower shield (worn)
   (You found it on level 2 of the Dungeon)
Jewellery
 p - a ring of flight (right hand)
   (You found it on level 2 of the Dungeon)
 I - a ring of protection from cold (left hand)
   (You found it on level 1 of the Dungeon)
Wands
 n - a wand of warping (7)
   (You found it on level 2 of the Dungeon)
Scrolls
 l - a scroll of blinking
 m - a scroll of enchant armour
 t - a scroll of teleportation {@r4}
Potions
 d - a potion of might
 e - a potion of lignification {unknown}
 f - a potion of degeneration {unknown}
 g - a potion of curing {unknown}
 j - a potion of invisibility {unknown}
 k - a potion of resistance {unknown}


   Skills:
 + Level 4.5 Fighting
 * Level 4.4 Axes
 * Level 2.2 Ranged Weapons
 - Level 1.7 Throwing
 - Level 3.6 Armour
 + Level 3.6 Shields
 + Level 1.3 Invocations
 + Level 1.2 Evocations


You had 4 spell levels left.
You didn't know any spells.
Your spell library was empty.

Dungeon Overview and Level Annotations

Branches:
Dungeon (2/15) Zot: 10605

Altars:
Okawaru

Annotations:
D:2 Crazy Yiuf


Innate Abilities, Weirdness & Mutations

You have a pair of horns on your head.
You reflexively headbutt those who attack you in melee.


Message History

You shoot a sling bullet.
The sling bullet hits the hobgoblin but does no damage.
The hobgoblin hits you. The hobgoblin barely misses you.
You furiously retaliate!
You headbutt the hobgoblin!
You kill the hobgoblin!
Okawaru accepts your kill.
a - a +0 war axe (weapon)
You closely miss the adder. The adder bites you. The adder barely misses you.
You slash the adder!
You kill the adder!
Okawaru accepts your kill.
b - a +0 sling (weapon)
Things that are here:
an adder corpse; a hobgoblin corpse You see here a maw talisman.
You see here a maw talisman.
Things that are here:
an adder corpse; a hobgoblin corpse Crazy Yiuf says, "Spliff!
Goober senile stair."
Could not explore, unopened runed door.
Press: ? - help, v - describe, . - travel
Here: Crazy Yiuf, wielding a +3 quarterstaff of chaos and wearing a +2 cloak of preservation (fire blocked by a runed translucent door)
The floor.
Unknown command.
a - a +0 war axe (weapon)
You reach down and open the door.
You closely miss Crazy Yiuf. Your headbutt misses Crazy Yiuf.
Crazy Yiuf hits you with a +3 quarterstaff of chaos!
You feel your power leaking away.
* * * LOW MAGIC WARNING * * *
Crazy Yiuf hits you with a +3 quarterstaff of chaos!
* * * LOW HITPOINT WARNING * * *
You hit Crazy Yiuf. Your headbutt misses Crazy Yiuf.
Crazy Yiuf says, "Buddy!"
Crazy Yiuf barely misses you.
Crazy Yiuf screams, "Citrus arga sizzlefizz!"
Crazy Yiuf hits you with a +3 quarterstaff of chaos!
* * * LOW HITPOINT WARNING * * *
You feel drained.
You closely miss Crazy Yiuf.
Crazy Yiuf whimpers, "Iron pontify action!"
You block Crazy Yiuf's attack.
You barely miss Crazy Yiuf.
Crazy Yiuf says, "Announcement ladder infinity!"
Crazy Yiuf hits you with a +3 quarterstaff of chaos.
* * * LOW HITPOINT WARNING * * *
You feel drained. You block Crazy Yiuf's attack.
You slash Crazy Yiuf!
Crazy Yiuf hits you with a +3 quarterstaff of chaos!
You die...

##### #)..# #...#
... #g# #@## ##.#
#.## ##.# ##.##
############ ##...#
..)........# #....#
..)........# ##..##
...........####....#


You could see Crazy Yiuf.

Vanquished Creatures
  Sigmund (D:2)
  An adder (D:2)
  A ribbon worm (D:2)
  4 endoplasms
  A giant cockroach (D:1)
  3 goblins
  2 hobgoblins
  4 jackals (D:1)
  3 quokkas
  4 ball pythons
  7 bats
  5 kobolds
  6 rats
42 creatures vanquished.

Notes
Turn   | Place    | Note
-------+----------+-------------------------------------------
     0 | D:1      | Pooter the Minotaur Fighter began the quest for the Orb.
     0 | D:1      | Reached XP level 1. HP: 19/19 MP: 0/0
   150 | D:1      | Reached XP level 2. HP: 23/27 MP: 1/1
   219 | D:1      | Reached skill level 1 in Throwing
   811 | D:2      | Reached XP level 3. HP: 31/33 MP: 2/2
   831 | D:2      | Found an iron altar of Okawaru.
   841 | D:2      | Became a worshipper of Warmaster Okawaru
   972 | D:2      | Found a runed translucent door.
   973 | D:2      | Noticed Crazy Yiuf
  1002 | D:2      | Noticed Sigmund
  1012 | D:2      | Killed Sigmund
  1013 | D:2      | Reached skill level 1 in Invocations
  1013 | D:2      | Reached skill level 1 in Evocations
  1013 | D:2      | Reached XP level 4. HP: 35/41 MP: 3/3
  1013 | D:2      | Reached XP level 5. HP: 40/47 MP: 4/4
  1346 | D:2      | Slain by Crazy Yiuf

Illustrated notes

Levels and vault maps discovered:
D:1:      scummos_arrival_simple_fountains, layout_loops_ring,
          serial_bayou_lake_a
D:2:      layout_rooms, basic_altar, uniq_sigmund, uniq_crazy_yiuf_cottage

Skill      XL: |  1  2  3 |
---------------+----------+-----
Throwing       | 1 |  1.7
Axes           | 3 4 |  4.4
Fighting       | 4 |  4.5
Ranged Weapons | 2 |  2.2
Invocations    | 1 |  1.3
Evocations     | 1 |  1.2
Armour         | |  3.6
Shields        | |  3.6

Action                     |  1- 3 |  4- 6 || total
---------------------------+-------+-------++-------
  Melee: War axe           |    69 |    11 ||    80
         Headbutt          |     8 |       ||     8
   Fire: Sling             |       |    14 ||    14
  Throw: Stone             |     2 |       ||     2
  Evoke: Wand              |     2 |       ||     2
    Use: Scroll            |     1 |     2 ||     3
 Armour: Scale mail        |     9 |       ||     9
         Ring mail         |    47 |    14 ||    61
  Dodge: Dodged            |    36 |     7 ||    43
  Block: Buckler           |    24 |     2 ||    26
         Tower shield      |       |     2 ||     2

Table legend: (Time is in decaauts)
 A = Elapsed time spent in this place.
 B = Non-inter-level travel time spent in this place.
 C = Inter-level travel time spent in this place.
 D = Time resting spent in this place.
 E = Time spent auto-exploring this place.
 F = Levels seen in this place.
 G = Mean time per level.
                   A        B        C        D        E       F      G
               +--------+--------+--------+--------+--------+-----+--------+
         Total |   1393 |   1376 |     17 |     15 |   1033 |   2 |  696.5 |
       Dungeon |   1393 |   1376 |     17 |     15 |   1033 |   2 |  696.5 |
               +--------+--------+--------+--------+--------+-----+--------+

Top non-repeatable levels by time:
     D:1: 802 daAuts
     D:2: 590 daAuts
